 Dungeon Crawl Stone Soup version 0.28.0 (webtiles) character file.

Game seed: 12353541559656939002

56 HallandMoats the Skirmisher (level 3, -1/29 HPs)
             Began as a Demonspawn Monk on Feb 6, 2022.
             Killed from afar by Sigmund (6 damage)
             ... with a puff of flame
             ... on level 2 of the Dungeon.
             The game lasted 00:01:08 (936 turns).

HallandMoats the Skirmisher (Demonspawn Monk)        Turns: 936, Time: 00:01:09

Health: -1/29      AC: 16    Str: 13    XL:     3   Next: 69%
Magic:  4/4        EV:  3    Int: 11    God:
Gold:   84         SH:  0    Dex: 15    Spells: 2/2 levels left

rFire   . . .      SeeInvis .     - Unarmed
rCold   . . .      Faith    .   (no shield)
rNeg    . . .      Spirit   .   d - +0 plate armour
rPois   .          Reflect  .   (no helmet)
rElec   .          Harm     .   (no cloak)
rCorr   .          Rampage  .   (no gloves)
Will    .....                   (no boots)
Stlth   ..........              (no amulet)
HPRegen 0.09/turn               (no ring)
MPRegen 0.09/turn               (no ring)

@: confused, sanguine armoured
A: sanguine armour 1
a: no special abilities


You were on level 2 of the Dungeon.
You visited 1 branch of the dungeon, and saw 2 of its levels.

You collected 84 gold pieces.

Inventory:

Armour
 d - a +0 plate armour (worn)
Wands
 e - a wand of digging (7)
Scrolls
 a - 2 scrolls of teleportation {unknown}
 c - a scroll of identify {unknown}


   Skills:
 * Level 3.4 Fighting
 + Level 0.8 Armour
 + Level 2.9 Dodging
 - Level 1.7 Stealth
 * Level 3.1 Unarmed Combat
 * Level 2.0 Invocations


You had 2 spell levels left.
You didn't know any spells.
Your spell library was empty.

Dungeon Overview and Level Annotations

Branches:
Dungeon (2/15)

Altars:

Annotations:
D:2 Sigmund


Innate Abilities, Weirdness & Mutations

When seriously injured, your blood forms armour. (AC +6)


Message History

You miss something.
You hear some strange, mumbled words.
You are confused.
You're too confused to attack without stumbling around!
You're too confused to attack without stumbling around!
You're too confused to attack without stumbling around!
You're too confused to attack without stumbling around!
You're too confused to attack without stumbling around!
You're too confused to attack without stumbling around!
You're too confused to attack without stumbling around!
You're too confused to attack without stumbling around!
You feel better. Something hits you.
You barely miss something. Something hits you but does no damage.
You barely miss something. Something hits you but does no damage.
You completely miss something. Something hits you but does no damage.
You closely miss something. Something completely misses you.
You hit something but do no damage. Something hits you.
You closely miss something. Something hits you!
Your blood congeals into armour.
You barely miss something. Something hits you but does no damage.
You closely miss something.
You hear some strange, mumbled words.
You are confused.
You're too confused to attack without stumbling around!
You're too confused to attack without stumbling around!
You're too confused to attack without stumbling around!
You're too confused to attack without stumbling around!
You're too confused to attack without stumbling around!
You bump into the rock wall.
Something hits you.
You're too confused to move!
Something hits you.
You miss something. Something hits you.
* * * LOW HITPOINT WARNING * * *
You completely miss something.
You hear some strange, mumbled words.
Something tries to affect you, but you resist.
You completely miss something.
You hear some strange, mumbled words.
A puff of flame appears from out of thin air!
The puff of flame hits you.
You die...

.................
..........#######
............#
..........#.#
..........#.#
##........#.#
###########.######
.........##......#
.........##.####@#
.........#### #{#
.........# #.#
.......... ...
.........# #.#
.........# #.#
.........# #.#
######.### #.# #


There were no monsters in sight!

Vanquished Creatures
  Natasha (twice) (D:2)
  A giant cockroach (D:2)
  2 kobolds (D:1)
  A goblin (D:1)
  3 rats (D:1)
9 creatures vanquished.

Vanquished Creatures (others)
  3 withered plants (D:2)
3 creatures vanquished.

Grand Total: 12 creatures vanquished

Notes
Turn   | Place    | Note
-------+----------+-------------------------------------------
     0 | D:1      | HallandMoats the Demonspawn Monk began the quest for the
                  | Orb.
     0 | D:1      | Reached XP level 1. HP: 18/18 MP: 1/1
   506 | D:2      | Noticed Natasha
   515 | D:2      | Killed Natasha
   516 | D:2      | Reached skill level 1 in Invocations
   516 | D:2      | Gained mutation: When seriously injured, your blood forms
                  | armour. (AC +6) [demonic ancestry]
   516 | D:2      | Reached XP level 2. HP: 18/24 MP: 1/3
   516 | D:2      | Reached XP level 3. HP: 22/29 MP: 1/4
   573 | D:2      | Noticed Natasha
   586 | D:2      | Killed Natasha
   884 | D:2      | Found a faded altar of an unknown god.
   914 | D:2      | Noticed Sigmund
   936 | D:2      | Killed from afar by Sigmund

Illustrated notes

Levels and vault maps discovered:
D:1:      minmay_arrival_jagged, layout_basic
D:2:      layout_basic, ebering_ecumenical_altar_petrified, uniq_natasha,
          uniq_sigmund

Skill      XL: |  1  2  3 |
---------------+----------+-----
Unarmed Combat | 3 |  3.1
Invocations    | 1 2 |  2.0
Fighting       | |  3.4
Armour         | |  0.8
Dodging        | |  2.9
Stealth        | |  1.7

Action                   || total
-------------------------++-------
Melee: Unarmed           ||    64
  Use: Potion            ||     2
Armor: Plate armour      ||    27
Dodge: Dodged            ||    18
